Map: Rifts to Korhal

Players

raincamp

  • Race: Zerg Zerg
  • Spawn Location: 7:00

raincamp

  • Race: Terran Terran
  • Spawn Location: 7:00

VOD

Have the link to the VOD?

Description

Time

  • Played on: Oct. 29, 2017, 6:56 a.m.
  • Length: 16:29
Show
View Real Time Build Order
Export as new Build Order

raincamp Zerg 

Build Orders:  

Get SALT Encoding   

  12  0:04  Drone  
  13  0:11  Drone  
  14  0:25  Overlord  
  14  0:35  Drone, Extractor  
  14  0:42  Drone, Extractor  
  14  0:54  Drone x2  
  16  1:18  Drone x2  
  16  1:19  Drone  
  19  1:22  Drone  
  19  1:25  Drone  
  21  1:43  Drone  
  22  1:51  Roach Warren  
  21  2:02  Drone  
  22  2:22  Drone, Spine Crawler  
  22  2:23  Drone, Spine Crawler  
  22  2:33  Overlord  
  22  2:58  Lair  
  22  3:04  Drone x2  
  22  3:07  Drone  
  25  3:30  Spire  
  24  3:54  Hatchery  
  24  3:59  Drone  
  24  4:02  Drone  
  25  4:10  Mutalisk  
  27  4:35  Mutalisk  
  27  4:37  Overlord  
  27  4:47  Extractor x2  
  25  4:52  Drone x2  
  25  4:53  Drone  
  25  4:54  Drone x2  
  25  4:55  Drone  
  31  5:03  Leviathan  
  31  5:07  Mutalisk  
  33  5:19  Drone x3  
  36  5:20  Drone  
  37  5:38  Mutalisk  
  37  5:44  Mutalisk  
  37  5:46  Drone x2  
  37  5:48  Overlord  
  41  6:06  Leviathan  
  41  6:14  Drone x3  
  41  6:15  Drone x4  
  41  6:18  Drone  
  49  6:21  Overseer  
  49  6:48  Mutalisk  
  49  6:56  Roach  
  49  6:59  Overlord x2  
  51  7:08  Infestation Pit  
  50  7:14  Evolution Chamber  
  50  7:16  Leviathan  
  49  7:20  Drone  
  49  7:23  Drone x2  
  49  7:25  Overlord  
  49  7:27  Drone x3  
  49  7:28  Drone x2  
  57  7:30  Hive  
  57  7:52  Roach  
  57  7:53  Roach  
  57  7:56  Roach  
  61  8:05  Zerg Missile Weapons Level 1  
  61  8:06  Sundering Glave  
  61  8:08  Mutalisk  
  63  8:18  Brutalisk  
  63  8:51  Mutalisk x3  
  63  8:52  Mutalisk x3  
  75  9:06  Zerg Flyer Weapons Level 1  
  75  9:08  Roach  
  75  9:22  Overlord x2  
  75  9:25  Roach  
  75  9:30  Brutalisk  
  75  9:47  Brutalisk  
  75  9:54  Mutalisk x4  
  83  10:04  Roach x4  
  83  10:07  Overlord x2  
  91  10:15  Zerg Missile Weapons Level 2  
  91  10:26  Vicious Glave  
  91  10:45  Mutalisk x4  
  99  11:11  Zerg Flyer Weapons Level 2  
  99  11:18  Mutalisk x2  
  103  12:35  Mutalisk x2  
  103  12:37  Overlord x2  
  103  12:38  Overlord x4  
  107  13:03  Mutalisk x4  
  107  13:04  Mutalisk x3  
  107  13:08  Roach x4  
  107  13:09  Roach x5  
  139  13:33  Roach x3  
  139  13:34  Roach x3  
  149  13:40  Zerg Flyer Weapons Level 3  
  149  13:43  Roach  
  149  13:44  Roach  
  153  14:43  Mutalisk  
  149  15:37  Mutalisk x3  
  149  15:38  Mutalisk  
Show
View Real Time Build Order
Export as new Build Order

raincamp Terran 

Build Orders:  

Get SALT Encoding   

  12  0:39  Supply Depot  
Tags
 
Add a new tag
Caveats
  • Supply blocks, unpowered buildings, or Contaminate may cause inaccurate times.
  • Supply counts are checked every 10 seconds.